 Dungeon Crawl Stone Soup version 0.22.1-2-g9c5b331 (webtiles) character file.

3346 thomasnlv21 the Fighter (level 9, -13/89 HPs)
             Began as a Minotaur Berserker on Nov 18, 2018.
             Was an Elder of Trog.
             Mangled by an ogre
             ... wielding a +0 giant club
              (17 damage)
             ... on level 7 of the Dungeon.
             The game lasted 00:29:10 (8418 turns).

thomasnlv21 the Fighter (Minotaur Berserker)        Turns: 8418, Time: 00:29:10

Health: -13/89     AC:  5    Str: 22    XL:     9   Next: 72%
Magic:  8/8        EV: 17    Int:  4    God:    Trog [****..]
Gold:   450        SH:  0    Dex: 13    Spells: 8/8 levels left

rFire    . . .     SeeInvis .   j - +0 war axe
rCold    + + .     Gourm    .   (no shield)
rNeg     . . .     Faith    .   (no armour)
rPois    +         Spirit   .   (helmet restricted)
rElec    .         Reflect  .   q - scarf {cloud immunity}
rCorr    .         Harm     .   f - +2 pair of gloves
MR       .....                  (no boots)
Stlth    +.........             (no amulet)
HPRegen  0.24/turn              (no ring)
MPRegen  0.11/turn              (no ring)

@: berserk cooldown, slowed, very slow
A: retaliatory headbutt, horns 2, slimy green scales 1, cold resistance 2,
poison resistance
a: Berserk, Trog's Hand, Brothers in Arms, Renounce Religion


You were on level 7 of the Dungeon.
You worshipped Trog.
Trog was greatly pleased with you.
You were not hungry.

You visited 2 branches of the dungeon, and saw 9 of its levels.

You collected 450 gold pieces.

Inventory:

Hand Weapons
 a - a +1 hand axe
 j - a +0 war axe (weapon)
Missiles
 o - 4 javelins of penetration (quivered)
Armour
 f - a +2 pair of gloves (worn)
 q - a scarf of cloud immunity (worn)
 x - a +0 chain mail
Jewellery
 r - a cursed ring of protection from cold
Wands
 b - a wand of disintegration (5)
 k - a wand of flame (57)
 n - a wand of digging (8)
Scrolls
 e - 2 scrolls of remove curse
 l - 4 scrolls of identify
 m - 2 scrolls of teleportation
 s - 2 scrolls of magic mapping
 v - a scroll of enchant weapon
 w - 3 scrolls of enchant armour
Potions
 d - 3 potions of mutation
 i - 2 potions of haste
 p - 3 potions of agility
 u - a potion of heal wounds
Comestibles
 c - 9 rations


   Skills:
 + Level 11.1 Fighting
 + Level 9.5 Axes
 + Level 9.1 Armour
 + Level 8.4 Dodging


You had 8 spell levels left.
You didn't know any spells.
Your spell library was empty.

Dungeon Overview and Level Annotations

Branches:
Dungeon (8/15)             Temple (1/1) D:7
   Lair: D:8-11

Altars:
Ashenzari
Cheibriados
Dithmenos
Elyvilon
Fedhas
Hepliaklqana
Kikubaaqudgha
Makhleb
Nemelex Xobeh
Okawaru
Qazlal
Ru
Trog
Uskayaw
Vehumet
Wu Jian
Xom
Zin
The Shining One

Annotations:
D:5 2 transporters


Innate Abilities, Weirdness & Mutations

You reflexively headbutt those who attack you in melee.
You have a pair of horns on your head.
You are partially covered in slimy green scales. (AC +2)
Your flesh is very cold resistant. (rC++)
Your system is resistant to poisons. (rPois)


Message History

This raw flesh tastes terrible.
A bullfrog skeleton comes into view.
A bullfrog skeleton is nearby!
An ogre comes into view. It is wielding a giant club.
The ogre shouts!
Found a ration.
The ogre hits you with a giant club!
* * * LOW HITPOINT WARNING * * *
Found a stone staircase leading down.
The ogre hits you with a giant club!
* * * LOW HITPOINT WARNING * * *
The ogre misses you. The ogre barely misses you.
There is a stone staircase leading up here.
The ogre closely misses you.
You climb upwards.
There is a stone staircase leading down here.
Your ogre goes berserk!
You feel somewhat more hungry. The ogre hits you with a giant club!
You die...

.......##............#.##
.......####..........#..#
........####........###.##
.........# ########## #..#
.........## ##.# ..........##
#.## # ...........#
##########..####### ...........##
#...O.##...........
#...##......###.@O..#............
.....#.......######...##.........
.._..........####...###..........
..)..#........#...### #..........
#...##........^.### #..........
...............## #..........
((...######...#### #..........
###### ##....<.#### ##.<.......
.....## #.......(..## #.........


You could see an ogre and a friendly ogre (berserk).

Vanquished Creatures
  Grinder (D:5)
  Prince Ribbit (D:5)
  Eustachio (D:6)
  A wraith (D:8)
  Menkaure (D:6)
  3 ice beasts
  A phantom (D:4)
  3 ogres
  A centaur (D:6)
  A crocodile (D:7)
  An elf zombie (D:8)
  4 bullfrogs
  4 scorpions
  A howler monkey (D:5)
  A crimson imp (D:5)
  A jelly (D:5)
  A quasit (D:5)
  A bullfrog zombie (D:5)
  An orc priest (D:4)
  2 hounds
  2 human zombies (D:8)
  A bullfrog skeleton (D:4)
  Ijyb (D:3)
  2 iguanas
  Terence (D:3)
  5 orc wizards
  10 worker ants
  Robin (D:2)
  7 gnolls
  12 adders
  An ooze (D:2)
  An adder zombie (D:5)
  2 adder skeletons
  4 worms
  4 leopard geckos (D:4)
  25 orcs
  7 giant cockroaches
  11 hobgoblins
  10 jackals
  4 quokkas
  A ball python (D:2)
  8 bats
  3 frilled lizards
  A giant cockroach zombie (D:6)
  18 goblins
  4 kobolds
  An orc zombie (D:8)
  A quokka skeleton (D:5)
  5 rats
184 creatures vanquished.

Notes
Turn   | Place    | Note
-------+----------+-------------------------------------------
     0 | D:1      | thomasnlv21 the Minotaur Berserker began the quest for the
                  | Orb.
     0 | D:1      | Reached XP level 1. HP: 19/19 MP: 0/0
   281 | D:1      | Gained mutation: Your flesh is cold resistant. (rC+)
                  | [potion of mutation]
   281 | D:1      | Gained mutation: You are partially covered in slimy green
                  | scales. (AC +2) [potion of mutation]
   281 | D:1      | Gained mutation: Your system is resistant to poisons.
                  | (rPois) [potion of mutation]
   281 | D:1      | Gained mutation: Your flesh is very cold resistant. (rC++)
                  | [potion of mutation]
   481 | D:1      | Reached XP level 2. HP: 27/27 MP: 1/1
   987 | D:2      | Found a shadowy altar of Dithmenos.
   992 | D:2      | Reached skill level 4 in Fighting
   994 | D:2      | Reached XP level 3. HP: 33/33 MP: 2/2
  1335 | D:2      | Reached ** piety under Trog
  1385 | D:2      | Reached XP level 4. HP: 33/41 MP: 3/3
  1535 | D:2      | Reached skill level 9 in Fighting
  1535 | D:2      | Reached XP level 5. HP: 58/58 MP: 4/4
  1654 | D:2      | Noticed Robin
  1663 | D:2      | Killed Robin
  1827 | D:3      | Noticed Terence
  1835 | D:3      | Killed Terence
  2032 | D:3      | Noticed Ijyb
  2049 | D:3      | HP: 4/87 [disintegration (19)]
  2050 | D:3      | Killed Ijyb
  2050 | D:3      | Reached XP level 6. HP: 5/66 MP: 5/5
  3115 | D:3      | Found a shadowy altar of Dithmenos.
  3600 | D:4      | Reached *** piety under Trog
  3849 | D:4      | Noticed an ice beast
  3867 | D:4      | Killed an ice beast
  3867 | D:4      | Reached XP level 7. HP: 60/71 MP: 6/6
  4162 | D:4      | Reached skill level 10 in Fighting
  4163 | D:4      | Found a stormy altar of Qazlal.
  4170 | D:4      | Found a sacrificial altar of Ru.
  4179 | D:4      | Found a radiant altar of Vehumet.
  4541 | D:5      | Entered Level 5 of the Dungeon
  4643 | D:5      | Found a transporter.
  4667 | D:5      | Found a shimmering altar of Xom.
  4691 | D:5      | Reached XP level 8. HP: 72/79 MP: 7/7
  4825 | D:5      | Noticed Grinder
  4826 | D:5      | Paralysed by Grinder for 7 turns
  4836 | D:5      | Killed Grinder
  5149 | D:5      | Noticed a kobold demonologist
  5154 | D:5      | Found a transporter.
  5171 | D:5      | You fall through a shaft!
  5171 | D:6      | Noticed Eustachio
  5180 | D:6      | Killed Eustachio
  5181 | D:6      | Noticed Menkaure
  5191 | D:6      | Killed Menkaure
  5544 | D:6      | Reached **** piety under Trog
  5561 | D:5      | Noticed Prince Ribbit
  5573 | D:5      | Killed Prince Ribbit
  5697 | D:5      | Found a burning altar of Makhleb.
  5711 | D:5      | Reached XP level 9. HP: 86/86 MP: 8/8
  6185 | D:6      | Found a sacrificial altar of Ru.
  6368 | D:6      | Received a gift from Trog
  6636 | D:6      | Found a bloodstained altar of Trog.
  6856 | D:7      | Found a staircase to the Ecumenical Temple.
  6898 | Temple   | Entered the Ecumenical Temple
  7423 | D:7      | Found an iron altar of Okawaru.
  7585 | D:7      | Reached skill level 11 in Fighting
  8412 | D:8      | HP: 2/89 [ogre/giant club (13)]
  8418 | D:7      | Mangled by an ogre

Skill      XL: |  1  2  3  4  5  6  7  8  9 |
---------------+----------------------------+-----
Fighting       | 4 9 10 11 | 11.1
Axes           | 4 7 8 9 |  9.5
Armour         | 3 7 8 9 |  9.1
Dodging        | 3 6 7 8 |  8.4

Action                   |  1- 3 |  4- 6 |  7- 9 || total
-------------------------+-------+-------+-------++-------
Melee: Hand axe          |    75 |    82 |       ||   157
       Headbutt          |    10 |    20 |    49 ||    79
       War axe           |       |    37 |   221 ||   258
Invok: Berserk           |     1 |     5 |     7 ||    13
       Brothers in Arms  |       |       |     1 ||     1
Evoke: Wand              |       |       |     1 ||     1
  Use: Scroll            |     5 |     2 |     5 ||    12
       Potion            |     4 |     3 |     5 ||    12
  Eat: Chunk             |     2 |    13 |    21 ||    36
Armor: Animal skin       |     8 |       |       ||     8
       Scale mail        |    30 |    49 |    61 ||   140
       Skin              |       |       |     8 ||     8
Dodge: Dodged            |    48 |    70 |   163 ||   281
